AoeStats
← ITA | Raffy

QS Arena

503474031Analyzed
4v4 RM · 1mo ago on Aug 31, 2026· 27m 15s· 8 players
Game mode
Random Map
Map size
Large (8 player)
Population
200
Speed
Normal
Resources
Standard
Victory
Conquest
Starting age
Dark Age
Ending age
Imperial Age
RankedLock teamsTeams togetherTeam positionsShared explorationLock speedFull tech treeHidden civsTurbo modeCheats
Victory
Defeat
1501
+12
🇷🇺 Malay · Russia
1487
+13
🇵🇰 Dravidians · Pakistan
1431
+15
🇮🇹 Khmer · Italy
1389
+17
🇺🇾 Gurjaras · Uruguay
1452
-16
🇺🇸 Magyars · United States
1441
-15
🇺🇾 Bengalis · Uruguay
1424
-15
🇪🇸 Mongols · Spain
1338
-11
privalovivan99
8:12 Feudal Age
12:49 Castle Age
11:48 Horse Collar
16:51 Double-Bit Axe
19:13 Fletching
ITA | CivettaAviotrasportata
8:18 Feudal Age
12:16 Castle Age
10:52 Double-Bit Axe
10:49 Horse Collar
13:24 Bow Saw
13:09 Gold Mining
21:06 Loom
22:43 Town Watch
27:25 Wheelbarrow
Horizon
9:40 Feudal Age
13:15 Castle Age
11:32 Double-Bit Axe
12:08 Horse Collar
14:08 Bow Saw
14:16 Loom
23:43 Wheelbarrow
22:54 Town Watch
23:13 Town Watch
25:46 Gold Mining
27:39 Hand Cart
ITA | Raffy
8:15 Feudal Age
10:56 Castle Age
9:03 Double-Bit Axe
9:44 Horse Collar
11:47 Bow Saw
15:54 Bloodlines
17:10 Scale Barding Armor
18:21 Loom
20:37 Chain Barding Armor
22:51 Forging
27:25 Heavy Plow
Men Call Me Gladiator
6:51 Feudal Age
5:24 Loom
5:31 Loom
7:59 Feudal Age
9:29 Feudal Age
13:46 Castle Age
14:52 Light Cavalry
22:33 Double-Bit Axe
_Suko_
8:58 Feudal Age
12:48 Castle Age
20:00 Scale Barding Armor
20:54 Forging
20:41 Loom
22:24 Bloodlines
22:24 Gold Mining
Lautreamont
8:28 Feudal Age
12:09 Castle Age
10:32 Double-Bit Axe
11:14 Gold Mining
12:10 Horse Collar
18:12 Fletching
18:08 Loom
19:30 Padded Archer Armor
21:10 Scale Barding Armor
21:52 Leather Archer Armor
Gral_Artigas
8:31 Feudal Age
12:30 Castle Age
10:52 Double-Bit Axe
11:15 Horse Collar
13:35 Bow Saw
14:12 Loom
17:49 Town Watch
21:35 Gold Mining
22:35 Stone Mining
23:47 Wheelbarrow
Connection lost

Rejoining the realm…

Still unreachable

The connection could not be restored.

Session expired

The server has moved on; the page needs a fresh start.